 Dungeon Sprint DCSS version 0.31-a0-799-g6bc09d010c (webtiles) character file.

Game seed: 2114272254458437116

33211 sircluck the Brawler (level 12, -5/145 HPs)
             Began as a Troll Berserker on Sept 19, 2023.
             Was the Champion of Trog.
             Slain by Donald
             ... wielding a +2 war axe of holy wrath
              (39 damage)
             ... in the Dungeon (Sprint III: "The Ten Rune Challenge").
             The game lasted 00:07:33 (1851 turns).

sircluck the Brawler (Troll Berserker)              Turns: 1851, Time: 00:07:34

Health: -5/145     AC: 13    Str: 32    XL:     12   Next: 43%
Magic:  11/11      EV: 12    Int:  3    God:    Trog [******]
Gold:   47         SH:  0    Dex:  9    Spells: 11/11 levels left

rFire   x .          .
                       - Unarmed
rCold   + + .        (no shield)
rNeg    . . .        p - +0 ice dragon scales
rPois   .            o - +1 hat
rElec   .            h - +0 cloak
rCorr   .            (gloves unavailable)
SInv    .            (boots unavailable)
Will    .....        (no amulet) Stlth
                     (no ring)
HPRegen 1.24/turn    (no ring)
MPRegen 0.12/turn

%: no teleportation
@: slowed, very slow
A: large, unfitting armour, claws 3, regeneration 1, shaggy fur 1, tough skin 1
}: 1/10 runes: decaying
a: Renounce Religion, Berserk, Trog's Hand, Brothers in Arms


You were in the Dungeon.
You worshipped Trog.
Trog was exalted by your worship.
You visited 1 branch You collected 47 gold pieces.

Inventory:

Missiles
 r - 5 javelins
Armour
 a - a +0 animal skin
 h - a +0 cloak (worn)
 o - a +1 hat (worn)
 p - +0 ice dragon scales (worn)
Wands
 q - a wand of light (8)
Scrolls
 g - a scroll of blinking
 j - 3 scrolls of torment {unknown}
 k - 4 scrolls of identify
Potions
 b - 3 potions of curing
 c - 2 potions of heal wounds
 d - a potion of haste
 e - 3 potions of magic
 f - a potion of berserk rage
 i - 4 potions of mutation {unknown}
 l - a potion of lignification {unknown}
 m - 2 potions of enlightenment {unknown}
Miscellaneous
 n - a phial of floods


   Skills:
 + Level 16.3 Fighting
 + Level 16.1 Dodging
 + Level 18.9 Unarmed Combat


You had 11 spell levels left.
You didn't know any spells.
Your spell library was empty.

Dungeon Overview and Level Annotations

Branches:
Dungeon (1/1)

Altars:
Cheibriados
Dithmenos
Elyvilon
Fedhas
Gozag
Hepliaklqana
Kikubaaqudgha
Makhleb
Nemelex Xobeh
Okawaru
Qazlal
Ru
Sif Muna
Trog
Uskayaw
Vehumet
Wu Jian
Xom
Yredelemnul
Zin
The Shining One
Jiyva
Lugonu

Shops:
D =![

Annotations:
D Donald


Innate Abilities, Weirdness & Mutations

You are too large for most types of armour.
You have claws for hands.
Your natural rate of healing is unusually fast.
You are covered in fur. (AC +1)
You have tough skin. (AC +1)


Message History

Your troll closely misses Frances. x2; Your troll claws Frances.
Frances hits your troll with a +1 war axe of holy wrath!!
Something hits your troll!!
Your troll dies!
Your troll's corpse disappears in a puff of smoke!
You feel sick.
Frances shouts!
Frances chants phrases taken from a devil's mouth.
The entropic shot hits you!
Frances whispers indecipherable words.
The shard of ice hits you! You partially resist.
You claw Frances!
You kill Frances!
Trog accepts your kill.
Trog appreciates your killing of a magic user.
You feel sick.
Your Dodging skill increases to level 16!
You feel sick.
You are no longer poisoned.
Donald hits you but does no damage.
Donald hits you with a +2 war axe of holy wrath!
There is an open door, spattered with blood here.
Things that are here:
a +1 war axe of holy wrath; 7 curare-tipped darts; the human corpse of Frances You closely miss Donald.
Your claw misses Donald.
Donald hits you with a +2 war axe of holy wrath!!!
You scratch Donald. You claw Donald, but do no damage.
Donald is lightly wounded.
Donald mumbles some strange words.
Donald seems to speed up.
Donald blocks your attack.
Donald is lightly wounded.
Donald hits you with a +2 war axe of holy wrath!!
* * * LOW HITPOINT WARNING * * *
You feel much better.
Donald hits you with a +2 war axe of holy wrath!!
* * * LOW HITPOINT WARNING * * *
Donald hits you with a +2 war axe of holy wrath!!!
You die...
Donald says, "Well, maybe you weren't so bad after all."

#....#.#.#.....#^...^.+
##.#..#.##.###.#^^^..^#
'##.#.#.##)#.)##......#
#.).#..#..##..)..^....#
▓▓▓▓▓▓▓▓▓▓▓▓▓▓#.......#
........~~~...#...^...#
≈≈≈≈≈≈≈≈≈≈♣♣..'...^...#
♣♣♣♣♣♣♣♣♣♣♣♣..#....^..#
♣♣♣##@######
♣♣♣♣♣♣♣♣♣♣♣♣ #@..+
.##~~~~~≈..# #...#
#.#~~~~≈...# #...#
.##)~~~≈≈####+#####
...#~~.....☼)○#
#.)#≈..+#######
####...# #..†...#


You could see Donald (fast, strong, reflecting).

Vanquished Creatures
  Frances (D)
  Erolcha (D)
  3 hydras (D)
  3 ice dragons (D)
  A death yak (D)
  Urug (D)
  A death drake (D)
  A lindwurm (D)
  A deep elf pyromancer (D)
  2 black mambas (D)
  2 cane toads (D)
  A komodo dragon (D)
  A rime drake (D)
  2 tyrant leeches (D)
  6 blink frogs (D)
  A shadow (D)
  5 redbacks (D)
  3 wandering mushrooms (D)
  A spatial vortex (D)
  A hydra simulacrum (D)
  A swamp drake (D)
  5 two-headed ogres (D)
  A water elemental (D)
  A necrophage (D)
  An electric eel (D)
  A jelly (D)
  Crazy Yiuf (D)
  A wizard (D)
  A necromancer (D)
  3 humans (D)
  A kobold demonologist (D)
  2 swamp drake simulacra (D)
  4 rats (D)
61 creatures vanquished.

Vanquished Creatures (collateral kills)
  Rupert (D)
  Gastronok (D)
  2 dire elephants (D)
  3 death yaks (D)
  2 elephants (D)
  2 blink frogs (D)
11 creatures vanquished.

Vanquished Creatures (others)
  A ballistomycete spore (D)
1 creature vanquished.

Grand Total: 73 creatures vanquished

Notes
Turn   | Place    | Note
-------+----------+-------------------------------------------
     0 | D        | sircluck the Troll Berserker began the quest for the Orb.
     0 | D        | Reached XP level 1. HP: 22/22 MP: 0/0
    15 | D        | Reached ** piety under Trog
    53 | D        | Reached skill level 4 in Unarmed Combat
    53 | D        | Reached XP level 2. HP: 19/31 MP: 1/1
    64 | D        | Noticed Crazy Yiuf
    71 | D        | Killed Crazy Yiuf
    72 | D        | Reached skill level 5 in Unarmed Combat
    72 | D        | Reached XP level 3. HP: 10/39 MP: 2/2
   120 | D        | Noticed a water elemental
   128 | D        | Killed a water elemental
   128 | D        | Reached *** piety under Trog
   129 | D        | Reached skill level 5 in Fighting
   129 | D        | Reached skill level 5 in Dodging
   129 | D        | Reached skill level 6 in Unarmed Combat
   129 | D        | Reached XP level 4. HP: 34/50 MP: 3/3
   169 | D        | Found a basalt altar of Yredelemnul.
   169 | D        | Found a shadowy altar of Dithmenos.
   169 | D        | Found a sacrificial altar of Ru.
   169 | D        | Noticed a necrophage
   178 | D        | Killed a necrophage
   179 | D        | Reached skill level 7 in Unarmed Combat
   179 | D        | Reached XP level 5. HP: 59/59 MP: 4/4
   185 | D        | Found a hide-covered altar of Uskayaw.
   185 | D        | Found an iron altar of Okawaru.
   185 | D        | Found a bloodstained altar of Trog.
   185 | D        | Found an ornate altar of the Wu Jian Council.
   185 | D        | Noticed a human
   186 | D        | Noticed a human
   190 | D        | Killed a human
   190 | D        | Reached **** piety under Trog
   191 | D        | Reached skill level 8 in Unarmed Combat
   191 | D        | Reached XP level 6. HP: 68/68 MP: 5/5
   192 | D        | Killed a human
   193 | D        | Reached skill level 9 in Unarmed Combat
   227 | D        | Found a radiant altar of Vehumet.
   227 | D        | Found a shimmering blue altar of Sif Muna.
   227 | D        | Found an ancient bone altar of Kikubaaqudgha.
   231 | D        | Reached ***** piety under Trog
   255 | D        | Noticed a shadow
   257 | D        | Killed a shadow
   258 | D        | Reached XP level 7. HP: 77/80 MP: 6/6
   267 | D        | Found a blossoming altar of Fedhas.
   267 | D        | Found a stormy altar of Qazlal.
   267 | D        | Found a snail-covered altar of Cheibriados.
   267 | D        | Found a burning altar of Makhleb.
   267 | D        | Found a shimmering altar of Xom.
   268 | D        | Found a hazy altar of Hepliaklqana.
   268 | D        | Found an opulent altar of Gozag.
   268 | D        | Found a sparkling altar of Nemelex Xobeh.
   268 | D        | Found a corrupted altar of Lugonu.
   268 | D        | Found a viscous altar of Jiyva.
   268 | D        | Noticed a spatial vortex
   274 | D        | Killed a spatial vortex
   275 | D        | Reached skill level 10 in Unarmed Combat
   299 | D        | Found a glowing silver altar of Zin.
   300 | D        | Found a glowing golden altar of the Shining One.
   300 | D        | Found a white marble altar of Elyvilon.
   300 | D        | Noticed a deep elf pyromancer
   308 | D        | Killed a deep elf pyromancer
   308 | D        | Received a gift from Trog
   309 | D        | Reached skill level 11 in Unarmed Combat
   309 | D        | Reached XP level 8. HP: 81/92 MP: 7/7
   417 | D        | Noticed a two-headed ogre
   421 | D        | Killed a two-headed ogre
   422 | D        | Reached skill level 10 in Fighting
   422 | D        | Reached skill level 10 in Dodging
   472 | D        | Noticed Erolcha
   472 | D        | Noticed a two-headed ogre
   477 | D        | Killed Erolcha
   478 | D        | Reached skill level 12 in Unarmed Combat
   478 | D        | Reached XP level 9. HP: 71/102 MP: 8/8
   481 | D        | Killed a two-headed ogre
   619 | D        | Reached skill level 13 in Unarmed Combat
   619 | D        | Received a gift from Trog
   619 | D        | Found the +8 arc blade {discharge, rElec}
   711 | D        | Noticed a wandering mushroom
   723 | D        | Noticed a wandering mushroom
   728 | D        | Noticed a wandering mushroom
   736 | D        | Killed a wandering mushroom
   761 | D        | Noticed a cane toad
   761 | D        | Noticed a komodo dragon
   761 | D        | Noticed a cane toad
   763 | D        | Killed a cane toad
   764 | D        | Killed a cane toad
   765 | D        | Reached XP level 10. HP: 115/115 MP: 9/9
   772 | D        | Reached skill level 14 in Unarmed Combat
   830 | D        | Reached ****** piety under Trog
   830 | D        | Received a gift from Trog
   933 | D        | Noticed an elephant
   933 | D        | Noticed an elephant
   937 | D        | Killed an elephant
   941 | D        | Noticed a dire elephant
   942 | D        | Killed a dire elephant
   943 | D        | Reached skill level 15 in Unarmed Combat
   943 | D        | Noticed a dire elephant
   946 | D        | Killed a dire elephant
   946 | D        | Received a gift from Trog
   947 | D        | Noticed Gastronok
   949 | D        | Killed an elephant
   952 | D        | Killed Gastronok
   953 | D        | Reached XP level 11. HP: 128/128 MP: 10/10
   982 | D        | Noticed an azure jelly
   982 | D        | Noticed an azure jelly
   982 | D        | Noticed an azure jelly
   983 | D        | Noticed an azure jelly
   986 | D        | Noticed Rupert
   992 | D        | Killed Rupert
   993 | D        | Reached skill level 16 in Unarmed Combat
  1008 | D        | Noticed a death yak
  1008 | D        | Noticed a death yak
  1009 | D        | Noticed a death yak
  1012 | D        | Killed a death yak
  1013 | D        | Received a gift from Trog
  1016 | D        | Killed a death yak
  1018 | D        | Noticed a death yak
  1021 | D        | Killed a death yak
  1024 | D        | Reached skill level 17 in Unarmed Combat
  1033 | D        | Killed a death yak
  1050 | D        | Received a gift from Trog
  1107 | D        | Noticed an ice dragon
  1117 | D        | Killed an ice dragon
  1118 | D        | Reached skill level 15 in Fighting
  1120 | D        | Noticed an ice dragon
  1133 | D        | Killed an ice dragon
  1134 | D        | Reached skill level 15 in Dodging
  1167 | D        | Noticed an ice dragon
  1185 | D        | Killed an ice dragon
  1201 | D        | Found Jaoku Yne's Jewellery Shoppe.
  1201 | D        | Found Ysuror's Distillery.
  1204 | D        | Found Muink's Antique Armour Emporium.
  1221 | D        | Noticed a four-headed hydra
  1226 | D        | Killed a six-headed hydra
  1227 | D        | Reached XP level 12. HP: 143/143 MP: 11/11
  1229 | D        | Reached skill level 18 in Unarmed Combat
  1235 | D        | Got a decaying rune of Zot
  1489 | D        | Received a gift from Trog
  1540 | D        | Noticed Urug
  1547 | D        | Killed Urug
  1603 | D        | Noticed a five-headed hydra
  1603 | D        | Noticed a seven-headed hydra
  1612 | D        | Killed an eight-headed hydra
  1620 | D        | Killed a 12-headed hydra
  1622 | D        | Received a gift from Trog
  1837 | D        | Noticed Frances
  1839 | D        | Noticed Donald
  1846 | D        | Killed Frances
  1851 | D        | Slain by Donald

Illustrated notes

Levels and vault maps discovered:
D:        dungeon_sprint_mu [sprint_mu_entry_forest, sprint_mu_temple_rooms,
          sprint_mu_d1_spiders, sprint_mu_d2_genie, sprint_mu_d3_branching,
          sprint_mu_orc_legion, sprint_mu_elf_gauntlet, sprint_mu_hive_nellie,
          sprint_mu_lair_fedhas, sprint_mu_vaults_butterflies,
          sprint_mu_slime_circle, sprint_mu_swamp_cave, sprint_mu_snake_twists,
          sprint_mu_blade_basic, sprint_mu_crypt_fortress,
          sprint_mu_tomb_spiral, sprint_mu_vestibule_basic,
          sprint_mu_gehenna_hellfire, sprint_mu_dis_giant,
          sprint_mu_tartarus_statrot, sprint_mu_cocytus_islands, sprint_mu_zot1]

Skill      XL: |  1  2  3  4  5  6  7  8  9 10 11 12 |
---------------+-------------------------------------+-----
Fighting       | 3 4 5 6 8 9 10 11 13 15 16 | 16.3
Dodging        | 3 4 5 6 8 9 10 11 13 15 16 | 16.1
Unarmed Combat | 4 5 6 7 8 9 11 12 13 15 17 18 | 18.9

Action                     |  1- 3 |  4- 6 |  7- 9 | 10-12 || total
---------------------------+-------+-------+-------+-------++-------
  Melee: Unarmed           |    28 |    20 |    45 |   127 ||   220
         Punch             |     1 |     1 |     2 |     7 ||    11
 Invoke: Berserk           |     1 |     1 |     2 |     2 ||     6
         Brothers in Arms  |       |       |       |     4 ||     4
    Use: Potion            |       |       |       |     1 ||     1
 Armour: Animal skin       |    14 |     6 |    26 |    31 ||    77
         Ice dragon scales |       |       |       |    85 ||    85
  Dodge: Dodged            |    12 |     5 |    13 |    64 ||    94

Table legend: (Time is in decaauts)
 A = Elapsed time spent in this place.
 B = Non-inter-level travel time spent in this place.
 C = Inter-level travel time spent in this place.
 D = Time resting spent in this place.
 E = Time spent auto-exploring this place.
 F = Levels seen in this place.
 G = Mean time per level.
                   A        B        C        D        E       F      G
               +--------+--------+--------+--------+--------+-----+--------+
         Total |   1874 |   1768 |    106 |    956 |     79 |   1 | 1874.0 |
       Dungeon |   1874 |   1768 |    106 |    956 |     79 |   1 | 1874.0 |
               +--------+--------+--------+--------+--------+-----+--------+

Top non-repeatable levels by time:
       D: 1874 daAuts
